Map: Orbital Shipyard

Players

lesha

  • Race: Terran Terran
  • League: Gold

test - Winner!

  • Race: Terran Terran
  • League: Gold

VOD

Have the link to the VOD?

Description

Time

  • Played on: Jan. 8, 2016, 11:04 p.m.
  • Length: 11:05
Show
View Real Time Build Order
Export as new Build Order

lesha Terran 

Build Orders: MMM Bio 

Get SALT Encoding   

  12  0:01  SCV  
  13  0:13  SCV  
  14  0:18  Supply Depot  
  14  0:25  SCV  
  15  0:39  SCV  
  15  0:42  Barracks  
  16  0:44  Refinery  
  16  0:51  SCV  
  17  1:03  SCV  
  18  1:15  SCV  
  19  1:28  SCV  
  19  1:29  Reaper  
  21  1:38  Command Center  
  21  1:46  Orbital Command  
  21  2:02  Refinery  
  21  2:04  Supply Depot  
  21  2:10  Barracks Reactor  
  21  2:14  SCV  
  22  2:24  Barracks  
  22  2:26  SCV  
  23  2:38  SCV  
  24  2:49  Marine x2  
  24  2:50  SCV  
  27  3:03  SCV  
  27  3:06  Marine  
  27  3:12  Factory  
  28  3:17  Barracks  
  28  3:19  SCV, Engineering Bay  
  29  3:20  Marine  
  29  3:21  Barracks Reactor  
  30  3:31  SCV  
  30  3:34  Orbital Command  
  31  3:36  Marine  
  31  3:41  Marine  
  33  3:43  SCV  
  33  3:46  Supply Depot  
  34  3:55  Terran Infantry Weapons Level 1  
  34  3:57  Factory Reactor  
  34  4:00  Starport  
  34  4:04  Barracks Tech Lab  
  34  4:05  Marine x2  
  34  4:08  SCV  
  37  4:19  SCV  
  37  4:23  Marine x2  
  37  4:24  Marine x3  
  43  4:34  SCV x2  
  45  4:46  SCV x2, Barracks, Factory Tech Lab  
  45  4:48  Marine x4  
  45  4:49  Marine  
  45  4:50  Medivac  
  54  4:57  Supply Depot  
  54  4:58  Stimpack  
  54  5:07  Marine x5  
  54  5:08  Medivac  
  61  5:20  Siege Tank  
  64  5:25  SCV x2, Marine x2  
  68  5:30  Marine x2  
  70  5:38  Supply Depot  
  70  5:40  Supply Depot  
  70  5:55  SCV  
  70  5:56  Medivac, Marine  
  68  6:26  Marine x2  
  68  6:27  Marine x4  
  68  6:28  Medivac  
  68  6:29  Medivac  
  71  6:44  Marine x2  
  72  6:58  Marine x4  
  69  7:02  Marine x2  
  68  7:11  Medivac x2  
  72  7:16  Marine x3  
  72  7:18  Command Center  
  75  7:26  Marine x3  
  78  7:36  SCV x2  
  80  7:40  Refinery  
  80  7:41  Refinery  
  80  7:46  Combat Shields  
  80  7:47  Armory  
  80  7:48  SCV x2, Engineering Bay  
  80  7:49  Terran Infantry Armor Level 1  
  82  8:00  Marine x4  
  82  8:01  Barracks Reactor  
  82  8:03  Command Center  
  86  8:16  Marine  
  86  8:18  Marine x4  
  73  8:23  Barracks  
  73  8:25  Barracks  
  73  8:26  Barracks x2  
  54  8:49  Marine x6  
  54  8:50  Marine  
  59  9:07  Marine  
  60  9:14  Barracks Reactor x2, Barracks Tech Lab  
  60  9:15  Barracks Tech Lab  
  60  9:21  Concussive Shells  
  60  9:22  Marine x4  
  60  9:23  Marine  
  65  9:31  Supply Depot  
  65  9:32  Supply Depot  
  65  9:33  Supply Depot  
  65  9:37  SCV x2  
  67  9:43  Orbital Command  
  67  9:44  Orbital Command  
  67  9:49  SCV x2  
  67  9:52  Marine x4  
  71  9:53  Marine x7  
  71  9:54  Marauder, Marine  
  71  9:56  Supply Depot  
  83  10:09  Medivac x2  
  87  10:17  Marine x8  
  87  10:18  Marine x5  
  98  10:34  Marine x2  
  98  10:35  Marine x2  
  78  10:46  Marine x5  
  78  10:47  Marine x2  
Show
View Real Time Build Order
Export as new Build Order

test Terran - Winner!

Build Orders: Command Center First (CC) 

Get SALT Encoding   

  12  0:01  SCV  
  13  0:13  SCV  
  14  0:18  Supply Depot  
  14  0:25  SCV  
  15  0:40  SCV  
  16  0:52  SCV  
  17  1:05  Command Center  
  17  1:16  Barracks  
  17  1:22  Refinery  
  17  1:30  SCV  
  18  1:34  Refinery  
  18  1:42  SCV  
  19  1:54  SCV  
  20  2:06  SCV  
  21  2:12  Marine  
  21  2:16  Factory  
  21  2:18  SCV  
  21  2:22  SCV  
  23  2:31  SCV  
  23  2:34  SCV  
  25  2:38  Marine  
  26  2:52  SCV  
  26  2:56  Marine  
  27  3:08  Bunker  
  27  3:11  SCV, Factory Tech Lab  
  27  3:12  SCV  
  29  3:14  Marine  
  30  3:23  SCV  
  30  3:24  SCV  
  30  3:26  Supply Depot  
  32  3:30  Siege Tank  
  32  3:31  Marine  
  36  3:35  SCV  
  36  3:37  SCV  
  38  3:43  Starport  
  38  3:48  SCV  
  39  3:49  SCV, Marine  
  41  3:56  Supply Depot  
  41  4:02  Siege Tank  
  44  4:03  SCV  
  45  4:13  SCV  
  46  4:18  SCV  
  47  4:24  Starport Reactor  
  47  4:25  Supply Depot  
  47  4:29  SCV, Engineering Bay  
  47  4:30  SCV  
  49  4:43  Siege Tank  
  49  4:45  SCV  
  53  4:50  Factory  
  53  4:51  Refinery  
  53  4:52  Refinery, Orbital Command  
  53  4:56  Liberator  
  53  4:57  SCV  
  54  5:01  Missile Turret  
  54  5:09  SCV  
  58  5:15  Siege Tank  
  58  5:16  Missile Turret  
  58  5:20  SCV  
  62  5:37  Factory Tech Lab  
  62  5:44  SCV  
  62  5:47  Supply Depot  
  62  5:59  Orbital Command  
  62  6:03  Liberator  
  62  6:08  Siege Tank x2  
  68  6:14  Supply Depot  
  66  6:34  Marine  
  67  6:40  Viking, Siege Tank x2  
  75  7:22  Siege Tank  
  75  7:23  Viking  
  75  7:25  SCV  
  75  7:29  Command Center  
  78  7:34  Supply Depot  
  78  7:38  Factory Tech Lab  
  78  7:56  Viking, Siege Tank  
  83  8:07  Siege Tank  
  86  8:16  Marine  
  78  8:56  Orbital Command  
  78  9:15  Supply Depot  
  78  9:21  Supply Depot  
  78  9:32  Command Center  
  78  9:36  Siege Tank x2, Marine  
  78  9:37  Supply Depot  
  85  9:42  SCV  
  86  9:52  Viking x2  
  90  9:54  SCV, Marine  
  90  9:55  Missile Turret  
  92  10:06  SCV  
  93  10:08  Siege Tank x2  
  99  10:18  SCV  
  100  10:31  SCV  
Tags
 
Add a new tag
Caveats
  • Supply blocks, unpowered buildings, or Contaminate may cause inaccurate times.
  • Supply counts are checked every 10 seconds.